 Dungeon Crawl Stone Soup version 0.20-a0-46-g4a4b873 (webtiles) character file.

184 KristoblXynda the Stinger (level 5, -2/38 HPs)
             Began as a Draconian Venom Mage on Nov 14, 2016.
             Slain by Nuatha's ghost (11 damage)
             ... on level 4 of the Dungeon.
             The game lasted 00:05:36 (2718 turns).

KristoblXynda the Stinger (Draconian Venom Mage)    Turns: 2718, Time: 00:05:37

Health: -2/38      AC:  8    Str: 10    XL:     5   Next: 36%
Magic:  10/10      EV: 18    Int: 22    God:
Gold:   123        SH:  0    Dex: 16    Spells: 2 memorised, 7 levels left

rFire  . . .     SeeInvis .     g - +4 dagger (freeze)
rCold  . . .     Gourm    .     (armour unavailable)
rNeg   . . .     Faith    .     (no shield)
rPois  .         Spirit   .     (helmet restricted)
rElec  .         Reflect  .     (no cloak)
rCorr  .         Harm     .     (no gloves)
MR     .....                    (no boots)
Stlth  +++.......               (no amulet)
                                (no ring)
                                h - +3 ring of protection

@: brilliant, agile, flying
A: unfitting armour, cold-blooded, AC +5
a: no special abilities


You were on level 4 of the Dungeon.
You were hungry.

You visited 1 branch of the dungeon, and saw 4 of its levels.

You collected 123 gold pieces.

Inventory:

Hand Weapons
 g - a +4 dagger of freezing (weapon)
Missiles
 i - a throwing net (quivered)
Jewellery
 h - a +3 ring of protection (left hand)
Scrolls
 f - 2 scrolls of remove curse
 l - a scroll of fear
 p - a scroll of magic mapping
Potions
 d - a potion of flight
 e - a potion of agility
Books
 a - a Young Poisoner's Handbook

   Spells                             Type                      Level
   a - Sting                          Conjuration/Poison           1
   b - Mephitic Cloud                 Conjuration/Poison/Air       3
   c - Olgreb's Toxic Radiance        Poison                       4
   d - Alistair's Intoxication        Transmutation/Poison         5
   e - Venom Bolt                     Conjuration/Poison           5
Comestibles
 b - 4 bread rations
 k - 2 meat rations
 o - 5 beef jerkies


   Skills:
 - Level 2.0 Dodging
 - Level 1.7 Stealth
 + Level 3.5 Spellcasting
 + Level 2.0 Conjurations
 + Level 5.1 Poison Magic


You had 7 spell levels left.
You knew the following spells:

 Your Spells              Type           Power        Failure   Level  Hunger
a - Sting                 Conj/Pois      ####         1%          1    None
b - Mephitic Cloud        Conj/Pois/Air  ####....     1%          3    ###....


Dungeon Overview and Level Annotations

Branches:
Dungeon (4/15)
 Temple: D:4-7

Altars:
Ashenzari
Dithmenos
Qazlal
The Shining One

Annotations:
D:4 Nuatha's ghost, amateur TeGl


Innate Abilities, Weirdness & Mutations

Your plain brown scales are hard. (AC +5)
You cannot fit into any form of body armour.
You are cold-blooded and may be slowed by cold attacks.


Message History

Nuatha's ghost hits you!
You closely miss Nuatha's ghost.
Your tail-slap misses Nuatha's ghost.
Nuatha's ghost is heavily damaged.
Nuatha's ghost hits you.
It was a potion of brilliance.
You feel clever all of a sudden. Nuatha's ghost barely misses you.
Unknown command.
It was a potion of heal wounds.
You feel much better. Nuatha's ghost hits you!
You are electrocuted!
Ouch! That really hurt!
* * * LOW HITPOINT WARNING * * *
You miss Nuatha's ghost.
Nuatha's ghost is heavily damaged.
Nuatha's ghost barely misses you.
You hit Nuatha's ghost. You freeze Nuatha's ghost.
Nuatha's ghost is severely damaged.
You are feeling hungry.
Nuatha's ghost hits you!
You die...

..# #.# #.#####.# #.####..
#.###.######.#.....#######.......
................>..........####.#
..........##.#.#.......#.###
..###.###.##.......W.....# ## #.#
#.####.....####### .####.# #.#
###.### ....#.# #)# #W#
.##.#.###)######@#
.......................>
#######.#.#.####.#######
........#.#... ..#
#########.######## # #.#
#########.# ..[.......#
###########


You could see Nuatha's ghost.

Vanquished Creatures
  3 gnolls (D:4)
  10 adders
  A worm (D:3)
  A dart slug (D:2)
  4 leopard geckos
  An orc (D:3)
  2 ball pythons
  6 bats
  4 giant cockroaches
  6 goblins
  2 hobgoblins
  7 jackals (D:2)
  4 kobolds
  2 quokkas
  A frilled lizard (D:3)
  A quokka skeleton (D:4)
  5 rats
60 creatures vanquished.

Notes
Turn   | Place    | Note
-------+----------+-------------------------------------------
     0 | D:1      | KristoblXynda the Draconian Venom Mage began the quest for the Orb.
     0 | D:1      | Reached XP level 1. HP: 14/14 MP: 3/3
   497 | D:1      | Reached XP level 2. HP: 20/20 MP: 1/5
   797 | D:2      | Reached XP level 3. HP: 26/26 MP: 6/6
   856 | D:2      | Found a stormy altar of Qazlal.
  1085 | D:2      | Reached skill level 1 in Conjurations
  1202 | D:2      | Reached XP level 4. HP: 31/33 MP: 8/8
  1433 | D:3      | Found a glowing golden altar of the Shining One.
  1475 | D:3      | Found a shadowy altar of Dithmenos.
  1821 | D:3      | Reached skill level 5 in Poison Magic
  1843 | D:3      | Reached XP level 5. HP: 36/38 MP: 8/10
  2330 | D:4      | Learned a level 3 spell: Mephitic Cloud
  2331 | D:4      | Found a shattered altar of Ashenzari.
  2679 | D:4      | Noticed Nuatha's ghost (amateur TeGl)
  2718 | D:4      | Slain by Nuatha's ghost

Vault maps used:
D:1:      dpeg_arrival_another_circle, hangedman_glass_teeth
D:2:      lemuel_crystal_altar
D:3:      tso_altar, grunt_dithmenos_smoke
D:4:      ashenzari_conservatory_becter, first_bread, serial_bayou_lagoon_b,
          uniq_sigmund

Skill      XL: |  1  2  3  4  5 |
---------------+----------------+-----
Dodging        | 2 |  2.0
Conjurations   | 1 2 |  2.0
Spellcasting   | 3 |  3.5
Poison Magic   | 5 |  5.1
Stealth        | |  1.7

Action                   |  1- 3 |  4- 6 || total
-------------------------+-------+-------++-------
Melee: Dagger            |    99 |    93 ||   192
       Tailslap          |    10 |     7 ||    17
       Short sword       |     1 |       ||     1
 Cast: Sting             |     9 |       ||     9
  Use: Scroll            |     3 |     6 ||     9
       Potion            |       |     9 ||     9
 Stab: Sleeping          |       |     8 ||     8
  Eat: Chunk             |     1 |     3 ||     4
       Pizza             |       |     1 ||     1
Armor: Skin              |    43 |    21 ||    64
Dodge: Dodged            |    68 |    56 ||   124
